 Dungeon Crawl Stone Soup version 0.31-a0-202-g547052bce9 (webtiles) character file.

Game seed: 2920832504978070674

17 lunkers the Changer (level 3, -1/26 HPs)
             Began as a Meteoran Wanderer on June 23, 2023.
             Slain by Terence
             ... wielding a +0 flail
              (3 damage)
             ... on level 2 of the Dungeon on June 26, 2023.
             The game lasted 00:02:17 (373 turns).

lunkers the Changer (Meteoran Wanderer)              Turns: 373, Time: 00:02:17

Health: -1/26      AC:  2    Str: 10    XL:     3   Next: 2%
Magic:  5/6        EV: 13    Int: 16    God:
Gold:   27         SH:  0    Dex: 16    Spells: 2/4 levels left

rFire   . . .        a - +0 dagger
rCold   . . .        (no shield)
rNeg    . . .        d - +0 robe
rPois   .            b - melded +0 helmet
rElec   .            (no cloak)
rCorr   .            (no gloves)
SInv    .            (boots currently unavailable)
Will    .....        (no amulet)
Stlth   +            (no ring)
HPRegen 0.24/turn    (no ring)
MPRegen 0.10/turn

%: no passive effects
@: appendages, glowing
A: horns 2, talons 2, sense surroundings 1, otherworldly, glowing, explore regen
a: End Transformation


You were on level 2 of the Dungeon.
You had temporarily grown beastly horns and talons.
You visited 1 branch of the dungeon, and saw 2 of its levels.

You collected 27 gold pieces.

Inventory:

Hand Weapons
 a - a +0 dagger (weapon)
Armour
 b - a +0 helmet (melded)
 d - a +0 robe (worn)
Scrolls
 c - a scroll of silence
 e - a scroll of fog
 f - a scroll of poison {unknown}
Potions
 g - a potion of brilliance {unknown}


   Skills:
 - Level 0.2 Fighting
 - Level 3.6 Dodging
 - Level 1.0 Stealth
 + Level 2.6 Unarmed Combat
 - Level 1.3 Spellcasting
 - Level 3.6 Transmutations
 - Level 2.4 Evocations


You had 2 spell levels left.
You knew the following spells:

 Your Spells              Type           Power      Damage    Failure   Level
b - Sting                 Tmut/Pois      24%        1d4       11%         1
p - Beastly Appendage     Tmut           24%        N/A       4%          1

Your spell library contained the following spells:

 Spells                   Type           Power      Damage    Failure   Level
 Passwall                 Tmut/Erth      5%         N/A       16%         2
 Lesser Beckoning         Tloc           2%         N/A       32%         2
 Gell's Gravitas          Tloc           1%         N/A       54%         3
 Teleport Other           Tloc           1%         N/A       54%         3


Dungeon Overview and Level Annotations

Branches:
Dungeon (1/15) Zot: 818

Altars:

Annotations:
D:2 Terence


Innate Abilities, Weirdness & Mutations

You have temporarily grown beastly horns and talons.
You passively map a small area around you.
You are easily found by Zot.
You glow in the dark.
You regain HP and MP as you explore.


Message History

No target in view!
The bat barely misses you.
A bat is nearby!
Casting: Sting (safe; 12% risk of failure)
Confirm with . or Enter, or press ? or * to list all spells.
You grow a pair of large bovine horns.
Your feet morph into talons.
Your +0 helmet melds into your body.
The bat closely misses you.
The sting hits the bat.
The bat is poisoned.
You kill the bat!
You have reached level 3!
Your experience leads to an increase in your attributes!
Increase (S)trength, (I)ntelligence, or (D)exterity?
You feel clever. x2; You feel agile.
Your magical contamination has completely faded away.
Your transformation is almost over.
You now have 27 gold pieces (gained 14).
Your horns disappear.
Your talons disappear.
Your +0 helmet unmelds from your body.
Magic restored.
Terence the Incautious comes into view.
He is wielding a +0 flail.
You hit Terence but do no damage. Terence hits you with a +0 flail!
Okay, then.
Casting: Sting (safe; 11% risk of failure)
Confirm with . or Enter, or press ? or * to list all spells.
You grow a pair of large bovine horns.
Your feet morph into talons.
Your +0 helmet melds into your body.
Terence hits you with a +0 flail!
* * * LOW HITPOINT WARNING * * *
Okay, then.
You closely miss Terence. You claw Terence, but do no damage.
Terence hits you with a +0 flail.
* * * LOW HITPOINT WARNING * * *
You hit Terence. Your kick misses Terence.
You headbutt Terence, but do no damage.
Terence is lightly wounded.
Terence hits you with a +0 flail.
* * * LOW HITPOINT WARNING * * *
You barely miss Terence. You claw Terence. You punch Terence.
Terence is heavily wounded.
Terence hits you with a +0 flail.
You die...

#..........#
#...##.#
#.##.#####.#
#......# # #.#
#, #...#### * ,
#.# #. ##.## *
* #.# #.
#.######## *
*#.#####.#
#......... , *
#.. .....
#.######## *
###
#.@###.########
,
#..@...........
,
#.####.#######.
*# * #.........
, ,, #########.
* **


You could see Terence.

Vanquished Creatures
  A dart slug (D:1)
  A giant cockroach (D:1)
  4 goblins (D:1)
  A hobgoblin (D:1)
  A quokka (D:1)
  3 bats
  A frilled lizard (D:1)
  A kobold (D:1)
13 creatures vanquished.

Notes
Turn   | Place    | Note
-------+----------+-------------------------------------------
     0 | D:1      | lunkers the Meteoran Wanderer began the quest for the Orb.
     0 | D:1      | lunkers set off with the following items: a +0 dagger, a +0
                  | helmet, a scroll of silence, a +0 robe, a scroll of fog;
                  | and the following spells available to memorise: Beastly
                  | Appendage, Sting, Passwall.
     0 | D:1      | Reached XP level 1. HP: 14/14 MP: 3/3
     0 | D:1      | Upgraded the game from 0.31-a0-188-g5e087ee2ca to
                  | 0.31-a0-202-g547052bce9
    44 | D:1      | Learned a level 1 spell: Beastly Appendage
    46 | D:1      | Learned a level 1 spell: Sting
    59 | D:1      | Reached skill level 1 in Unarmed Combat
    62 | D:1      | Reached XP level 2. HP: 19/20 MP: 0/5
   315 | D:1      | You fall into a shaft and drop 1 floor!
   335 | D:2      | Reached XP level 3. HP: 26/26 MP: 3/6
   368 | D:2      | Noticed Terence
   373 | D:2      | Slain by Terence

Illustrated notes

Levels and vault maps discovered:
D:1:      amcnicky_arrival_gap_in_the_tavern_cellar, layout_basic,
          corexii_hall_statues_x, serial_bayou_lagoon_a, minmay_pentomino_o2
D:2:      layout_loops_ring, basic_altar, serial_shops,
          nicolae_shop_tiny_real_fake_doors,
          nicolae_concentric_dashed_squares_mild, serial_bayou_lake_a,
          uniq_terence, uniq_jessica

Skill      XL: |  1  2 |
---------------+-------+-----
Unarmed Combat | 1 2 |  2.6
Fighting       | |  0.2
Dodging        | |  3.6
Stealth        | |  1.0
Spellcasting   | |  1.3
Transmutations | |  3.6
Evocations     | |  2.4

Action                     || total
---------------------------++-------
  Melee: Dagger            ||    55
         Kick              ||     2
         Headbutt          ||     1
         Punch             ||     1
   Cast: Sting             ||     7
         Beastly Appendage ||     2
 Armour: Robe              ||    12
  Dodge: Dodged            ||    33

Table legend: (Time is in decaauts)
 A = Elapsed time spent in this place.
 B = Non-inter-level travel time spent in this place.
 C = Inter-level travel time spent in this place.
 D = Time resting spent in this place.
 E = Time spent auto-exploring this place.
 F = Levels seen in this place.
 G = Mean time per level.
                   A        B        C        D        E       F      G
               +--------+--------+--------+--------+--------+-----+--------+
         Total |    380 |    380 |      0 |      0 |    264 |   2 |  190.0 |
       Dungeon |    380 |    380 |      0 |      0 |    264 |   2 |  190.0 |
               +--------+--------+--------+--------+--------+-----+--------+

Top non-repeatable levels by time:
     D:1: 322 daAuts
     D:2: 57 daAuts
